 Dungeon Crawl Stone Soup version 0.19-a0-1065-gdac414d (webtiles) character file.

764 CInkIbrahim the Spear-Bearer (level 7, -4/45 HPs)
             Began as an Octopode Gladiator on Aug 4, 2016.
             Slain by Pikel
             ... wielding a +2 whip of flaming
              (5 damage)
             ... on level 6 of the Dungeon.
             The game lasted 00:09:06 (4964 turns).

CInkIbrahim the Spear-Bearer (Octopode Gladiator)   Turns: 4964, Time: 00:09:07

Health: -4/45      AC:  2    Str: 18    XL:     7   Next: 81%
Magic:  6/6        EV: 14    Int: 10    God:
Gold:   245        SH:  0    Dex: 15    Spells: 0 memorised, 6 levels left

rFire  . . .     SeeInvis .     a - +4 quarterstaff (chaos)
rCold  . . .     Gourm    +     (shield currently unavailable)
rNeg   . . .     Faith    .     p - +0 hat
rPois  .         Spirit   .     o - amulet of the gourmand
rElec  .         Dismiss  .     g - +4 ring of strength
rCorr  .         Reflect  .     (no ring)
SustAt .         Harm     .     (no ring)
MR     .....                    (no ring)
Stlth  ++........               (no ring)
                                (no ring)
                                (no ring)
                                (no ring)

@:
A: almost no armour, amphibious, 8 rings, constrict 8, tentacle spike 1,
camouflage 1, low mp 1, shaggy fur 1, gelatinous body 1
a: no special abilities


You were on level 6 of the Dungeon.
You were completely stuffed.

You visited 1 branch of the dungeon, and saw 6 of its levels.

You collected 245 gold pieces.

Inventory:

Hand Weapons
 a - a +4 quarterstaff of chaos (weapon)
 b - a +0 blowgun
 x - a +0 trident
 C - the +1 short sword of Intimidation {venom, rF+}
   (You found it on level 4 of the Dungeon)

   It poisons the flesh of those it strikes.
   It protects you from fire.
Missiles
 c - a throwing net (quivered)
 u - 6 javelins
 z - 5 needles of sleeping
 E - 47 poisoned needles
 G - 8 tomahawks
Armour
 p - a +0 hat (worn)
 D - a +0 hat
Jewellery
 g - a +4 ring of strength (left tentacle)
 o - an amulet of the gourmand (around mantle)
 J - an uncursed ring of fire
Wands
 q - a wand of slowing (20/48)
 r - a wand of digging (5/24)
 K - a wand of disintegration (10/24)
Scrolls
 e - 2 scrolls of enchant weapon {unknown}
 j - 2 scrolls of amnesia
 k - a scroll of immolation {unknown}
 l - a scroll of noise {unknown}
 m - a scroll of enchant armour {unknown}
 n - a scroll of magic mapping {unknown}
 s - 3 scrolls of remove curse
 y - 3 scrolls of teleportation {unknown}
 A - a scroll of identify
 F - a scroll of blinking {unknown}
Potions
 f - 2 potions of ambrosia
 i - a potion of heal wounds
 t - a potion of lignification
 v - 2 potions of curing
 I - 2 potions of cure mutation {unknown}
Books
 H - a book of Conjurations

   Spells                             Type                      Level
   a - Magic Dart                     Conjuration                  1
   b - Searing Ray                    Conjuration                  2
   c - Dazzling Spray                 Conjuration/Hexes            3
   d - Fulminant Prism                Conjuration/Hexes            4
   e - Iskenderun's Mystic Blast      Conjuration                  4
   f - Iskenderun's Battlesphere      Conjuration/Charms           5
Comestibles
 d - 2 bread rations
 h - 7 fruits
 w - a meat ration
 B - a slice of pizza
 L - 6 chunks of flesh


   Skills:
 - Level 2.0 Fighting
 + Level 9.0 Polearms
 - Level 2.0 Throwing
 - Level 3.0 Dodging


You had 6 spell levels left.
You didn't know any spells.

Dungeon Overview and Level Annotations

Branches:
Dungeon (5/15)
 Temple: D:4-7

Altars:

Portals:
Sewer: D:6

Annotations:
D:6 Pikel


Innate Abilities, Weirdness & Mutations

You cannot wear most types of armour.
You are amphibious.
You can wear up to eight rings at the same time.
You can use your tentacles to constrict eight enemies at once.
Your skin changes colour to match your surroundings (Stealth+).
Your rubbery body absorbs attacks. (AC +1, EV +1)
One of your tentacles bears a spike.
Your magical capacity is low. (-10% MP)
You are covered in fur. (AC +1)


Message History

Pikel is lightly wounded.
You constrict Pikel, but do no damage.
Pikel struggles against the net.
The net rips apart, and Pikel comes free!
You hit Pikel but do no damage.
Pikel is poisoned.
You pierce Pikel, but do no damage.
Pikel is lightly wounded.
You constrict Pikel. Pikel hits you with a whip of flaming! Pikel burns you.
You thump Pikel! You freeze Pikel.
You pierce Pikel, but do no damage.
Pikel is heavily wounded.
You constrict Pikel, but do no damage. Pikel closely misses you.
Pikel hits you with a whip of flaming.
* * * LOW HITPOINT WARNING * * *
Pikel burns you.
* * * LOW HITPOINT WARNING * * *
You hit Pikel.
You feel better.
Your tentacle spike misses Pikel.
Pikel is heavily wounded.
You constrict Pikel. Pikel hits you with a whip of flaming!
* * * LOW HITPOINT WARNING * * *
Pikel burns you.
You die...

##### #########(|.#
##≈[≈≈.≈≈≈≈..#
#.≈≈≈≈≈≈≈≈≈#(#####
#..#########.(<..#
#..≈≈≈≈≈≈##...(..####
##.≈@K.p≈(##.........
##≈≈≈≈≈≈..#....)####
#######..#.........
.####...#.# ..### .
####


You could see Pikel (berserk) and a slave.

Vanquished Creatures
  Duvessa (D:4)
  2 slaves (D:6)
  A centaur (D:6)
  Dowan (D:4)
  Crazy Yiuf (D:3)
  Jessica (D:3)
  An iguana (D:4)
  An orc wizard (D:4)
  3 worker ants
  A hound skeleton (D:4)
  Robin (D:4)
  4 gnolls (D:4)
  10 adders
  An ooze (D:1)
  3 adder zombies
  An adder skeleton (D:4)
  2 worms
  5 dart slugs
  9 giant geckos
  13 orcs
  A ball python (D:2)
  5 giant cockroaches
  21 goblins
  14 hobgoblins
  13 kobolds
  4 quokkas
  A ball python zombie (D:3)
  6 bats
  6 giant newts
  A jackal skeleton (D:3)
  A jackal zombie (D:3)
  A quokka skeleton (D:5)
  A quokka zombie (D:3)
  11 rats
  A withered plant (D:3)
149 creatures vanquished.

Vanquished Creatures (collateral kills)
  A gnoll (D:4)
  An orc (D:4)
  2 goblins (D:4)
  A hobgoblin (D:4)
5 creatures vanquished.

Grand Total: 154 creatures vanquished

Notes
Turn   | Place    | Note
-------+----------+-------------------------------------------
     0 | D:1      | CInkIbrahim the Octopode Gladiator began the quest for the Orb.
     0 | D:1      | Reached XP level 1. HP: 14/14 MP: 1/1
   161 | D:1      | Reached XP level 2. HP: 18/19 MP: 2/2
   530 | D:1      | Reached skill level 4 in Polearms
   673 | D:1      | Reached XP level 3. HP: 24/24 MP: 3/3
  1228 | D:2      | Reached XP level 4. HP: 22/29 MP: 4/4
  1380 | D:2      | Gained mutation: One of your tentacles bears a spike. [potion of mutation]
  1380 | D:2      | Gained mutation: Your magical capacity is low. (-10% MP) [potion of mutation]
  1380 | D:2      | Gained mutation: You are covered in fur. (AC +1) [potion of mutation]
  1447 | D:2      | Reached skill level 5 in Polearms
  1972 | D:2      | Reached XP level 5. HP: 34/34 MP: 4/4
  2310 | D:3      | Noticed Jessica
  2318 | D:3      | Killed Jessica
  2531 | D:3      | Reached skill level 6 in Polearms
  2698 | D:3      | Found a runed door.
  2962 | D:3      | Noticed Crazy Yiuf
  2974 | D:3      | Killed Crazy Yiuf
  3296 | D:4      | Reached XP level 6. HP: 32/39 MP: 5/5
  3483 | D:4      | Got a pitted short sword
  3484 | D:4      | Identified the cursed +1 short sword of Intimidation {venom, rF+} (You found it on level 4 of the Dungeon)
  3528 | D:4      | Reached skill level 7 in Polearms
  3713 | D:4      | Noticed Robin
  3734 | D:4      | Killed Robin
  4147 | D:4      | Reached XP level 7. HP: 45/45 MP: 6/6
  4279 | D:4      | Noticed Dowan
  4280 | D:4      | Noticed Duvessa
  4296 | D:4      | Killed Duvessa
  4296 | D:4      | Reached skill level 8 in Polearms
  4300 | D:4      | Killed Dowan
  4786 | D:5      | Entered Level 5 of the Dungeon
  4901 | D:5      | You fall through a shaft!
  4907 | D:6      | Reached skill level 9 in Polearms
  4930 | D:6      | Found a glowing drain.
  4955 | D:6      | Noticed Pikel
  4964 | D:6      | HP: 1/45 [Pikel/whip of flaming (11)]
  4964 | D:6      | Slain by Pikel

Vault maps used:
D:1:      sevenhm_arrival_forest_fort_large_4, minmay_tromino_i4
D:2:      minmay_misc_feat_square, roderic_roman_lattice
D:3:      serial_undead, serial_undead_c, serial_undead_a, serial_undead_d,
          serial_undead_b, uniq_crazy_yiuf_cottage, uniq_jessica
D:4:      corexii_shantytown, serial_corexii_hall, corexii_hall_statues_i,
          corexii_hall_statues_t, minivault_5, uniq_robin, uniq_duvessa
D:5:      grunt_dithmenos_smoke, first_bread, hangedman_decor_riveting,
          corexii_leaking_fountain, uniq_grinder
D:6:      gup_sewer_entry_pipe, uniq_pikel, uniq_prince_ribbit1

Skill      XL: |  1  2  3  4  5  6  7 |
---------------+----------------------+-----
Polearms       | 4 5 6 7 9 |  9.0
Fighting       | |  2.0
Throwing       | |  2.0
Dodging        | |  3.0

Action                   |  1- 3 |  4- 6 |  7- 9 || total
-------------------------+-------+-------+-------++-------
Melee: Trident           |    67 |   111 |       ||   178
       Constrict         |    10 |    38 |    15 ||    63
       Tentacles         |     5 |    33 |    10 ||    48
       Kick              |       |    44 |    21 ||    65
       Quarterstaff      |       |    83 |    48 ||   131
Throw: Throwing net      |       |     2 |     2 ||     4
  Use: Scroll            |     3 |     6 |       ||     9
       Potion            |       |     2 |     1 ||     3
 Stab: Sleeping          |     7 |    23 |     3 ||    33
       Held in net/web   |       |     1 |       ||     1
  Eat: Chunk             |       |    24 |     3 ||    27
Armor: Skin              |     7 |    58 |     3 ||    68
Dodge: Dodged            |    26 |    78 |    24 ||   128
